 Dungeon Crawl Stone Soup version 0.31-a0-803-g95b03c3367 (webtiles) character file.

Game seed: 13694205650079585970

8947 Newt the Spear-Bearer (level 11, -1/80 HPs)
             Began as a Merfolk Gladiator on Sept 20, 2023.
             Was a Follower of Hepliaklqana.
             Killed themself with a badly aimed iceblast (17 damage)
             ... on level 10 of the Dungeon.
             The game lasted 00:09:31 (7698 turns).

Newt the Spear-Bearer (Merfolk Gladiator)           Turns: 7698, Time: 00:09:31

Health: -1/80      AC:  9    Str: 19    XL:     11   Next: 38%
Magic:  11/11      EV: 12    Int:  7    God:    Hepliaklqana [*.....]
Gold:   12         SH: 20    Dex: 16    Spells: 10/10 levels left

rFire   + . .        p - +2 trident (pain)
rCold   + + .        G - +4 tower shield {rF+}
rNeg    + + .        t - +0 troll leather armour {Pargi}
rPois   .            c - +1 helmet
rElec   .            (no cloak)
rCorr   .            w - +2 pair of gloves of Zuesuc {rC+ rN+ Slay+2}
SInv    .            h - +0 pair of boots
Will    .....        F - amulet of magic regeneration
Stlth   +            f - ring of protection from cold
HPRegen 1.13/turn    k - ring of positive energy
MPRegen 0.52/turn

%: no passive effects
@: lethally poisoned (-1 -> -23)
A: reduced essence, (nimble swimmer 2), mertail
a: Renounce Religion, Recall Ancestor, Ancestor Identity


You were on level 10 of the Dungeon.
You worshipped Hepliaklqana.
Hepliaklqana was aware of your devotion.
You visited 2 branches of the dungeon, and saw 11 of its levels.
You also visited: Sewer.

You collected 373 gold pieces.
You spent 361 gold pieces at shops.

Inventory:

Hand Weapons
 p - a +2 trident of pain (weapon)
Missiles
 K - 5 silver javelins
Armour
 b - a +0 leather armour
 c - a +1 helmet (worn)
 h - a +0 pair of boots (worn)
 o - the +2 robe of Ymemuaf {rPois MP+9}
   (You found it on level 2 of the Dungeon)

   rPois:     It protects you from poison MP+9: It affects your magic capacity
   (+9).
 t - a +0 troll leather armour (worn) {Pargi}
 w - the +2 pair of gloves of Zuesuc (worn) {rC+ rN+ Slay+2}
   (You acquired it on level 5 of the Dungeon)

   Slay+2:    It affects your accuracy & damage with ranged weapons and melee
   (+2).
   rC+:       It protects you from cold.
   rN+:       It protects you from negative energy.
 y - the +1 ring mail of Impatience {rCorr SInv}
   (You found it on level 6 of the Dungeon)

   SInv:      It lets you see invisible.
   rCorr:     It protects you from acid and corrosion.
 G - a +4 tower shield of fire resistance (worn)
Jewellery
 f - a ring of protection from cold (left hand)
 k - a ring of positive energy (right hand)
 F - an amulet of magic regeneration (around neck)
 H - a +6 ring of intelligence
Wands
 E - a wand of iceblast (5)
 I - a wand of flame (25)
 L - a wand of polymorph (4)
Scrolls
 g - 7 scrolls of teleportation
 u - a scroll of fear {unknown}
 A - a scroll of enchant weapon {unknown}
 C - a scroll of butterflies
 D - a scroll of vulnerability {unknown}
Potions
 e - 5 potions of curing {unknown}
 i - a potion of resistance
 j - 5 potions of brilliance {unknown}
 l - 2 potions of mutation {unknown}
 n - 2 potions of invisibility {unknown}
 q - 2 potions of attraction {unknown}
 r - a potion of cancellation {unknown}
 s - 2 potions of heal wounds {unknown}
 v - a potion of haste {unknown}
 x - a potion of ambrosia {unknown}
 z - a potion of might {unknown}
 B - 2 potions of enlightenment {unknown}


   Skills:
 - Level 9.0 Fighting
 - Level 14.0 Polearms
 - Level 2.0 Throwing
 - Level 7.0 Dodging
 - Level 9.0 Shields
 + Level 5.8 Evocations


You had 10 spell levels left.
You didn't know any spells.
Your spell library contained the following spells:

 Spells                   Type           Power      Damage    Failure   Level
 Foxfire                  Conj/Fire      0%         2x1d4     96%         1
 Cigotuvi's Dreadful Rot  Necr/Pois/Air  0%         N/A       99%         2
 Static Discharge         Conj/Air       0%         2-2/arc   99%         2
 Ignite Poison            Fire/Tmut/Pois 0%         N/A       100%        3
 Airstrike                Air            0%         2d(0-16)  100%        4
 Summon Lightning Spire   Summ/Air       0%         N/A       100%        4
 Freezing Cloud           Conj/Ice/Air   0%         6-21      100%        5
 Plasma Beam              Fire/Air       0%         2x1d10    100%        6
 Starburst                Conj/Fire      0%         6d3       100%        6


Dungeon Overview and Level Annotations

Branches:
Dungeon (10/15)            Temple (1/1) D:7            Lair (0/5) D:10
  Sewer (visited)
    Orc: D:9-12

Altars:
Ashenzari
Cheibriados
Dithmenos
Elyvilon
Fedhas
Gozag
Hepliaklqana
Makhleb
Nemelex Xobeh
Okawaru
Qazlal
Ru
Sif Muna
Trog
Uskayaw
Vehumet
Xom
Yredelemnul
Zin
The Shining One

Shops:
D:7 *

Annotations:
D:6 3 runed translucent doors, Age's ghost, novice MiFi
D:7 3 runed translucent doors, demibob's ghost, novice MiCK
D:10 Maurice


Innate Abilities, Weirdness & Mutations

Your life essence is reduced to manifest your ancestor. (-10% HP)
((You are very nimble when in or above water. (Stealth+, EV+, Speed+++)))
Your lower body shifts to a powerful aquatic tail in water.


Message History

You hit something.
You feel sick. You block something's attack.
You puncture something!
You feel sick.
You barely miss something.
You feel sick. Something barely misses you.
You closely miss something.
You feel sick. Something hits you. Something steals your ring of ice!
You are more poisoned.
You closely miss something.
You feel very sick. Something hits you.
Something steals your +0 trident!
You are more poisoned.
You barely miss something.
You feel very sick. You block something's attack.
You barely miss something.
You feel very sick. Something hits you but does no damage.
You are more poisoned.
You closely miss something.
You feel very sick.
You completely miss something.
Mbali emerges from the mists of memory!
You feel very sick. Something hits you but does no damage.
You are more poisoned.
Aiming: Iceblast
Press: ? - help, Shift-Dir - straight line The mass of ice explodes!
The iceblast engulfs something!
The iceblast engulfs you! You partially resist.
You feel very sick. Something hits you!
* * * LOW HITPOINT WARNING * * *
Something steals your +0 buckler!
You are lethally poisoned!
Unknown command.
Aiming: Iceblast
Press: ? - help, Shift-Dir - straight line The mass of ice explodes!
The iceblast engulfs something!!
The iceblast engulfs you! You partially resist.
You die...

# .# ########.###
#####.# ...........##
....... .............
....... ...........#
....... ...<)......##
##{......
#.####P....P####@..$....
#.##P.....P.....R#######
.)##......P.P...##
##).....P......##
........PP.P...##
.....P.P.P..P.P.####
.).............P.....
...P..P..............
..P.PP................


You could see the friendly Mbali the ancestor.

Vanquished Creatures
  3 two-headed ogres
  A komodo dragon (D:10)
  2 hornets (D:9)
  A shadow (D:9)
  17 yaks
  A wraith (D:10)
  5 water moccasins
  Pargi (Sewer)
  An ice beast (D:7)
  2 orc warriors (D:9)
  A sky beast (D:6)
  5 black bears
  2 centaurs
  5 bullfrogs
  A gnoll sergeant (D:8)
  4 scorpions
  5 wights (D:6)
  2 howler monkeys
  6 hounds
  3 jellies
  5 orc priests
  Terence (D:2)
  A sleepcap (D:8)
  An iguana (D:4)
  7 orc wizards
  4 gnolls (D:8)
  7 adders
  A river rat (D:5)
  3 shadow imps (D:3)
  A white imp (D:6)
  2 ufetubi
  2 worms
  33 orcs
  10 ball pythons
  9 bats
  8 endoplasms
  3 giant cockroaches
  4 goblins
  7 hobgoblins
  3 jackals (D:3)
  4 kobolds
  A quokka (D:1)
  A frilled lizard (D:1)
  5 rats
191 creatures vanquished.

Vanquished Creatures (collateral kills)
  A troll (D:9)
  An orc warrior (D:9)
  2 orcs (D:9)
4 creatures vanquished.

Vanquished Creatures (others)
  7 ancestors
7 creatures vanquished.

Grand Total: 202 creatures vanquished

Notes
Turn   | Place    | Note
-------+----------+-------------------------------------------
     0 | D:1      | Newt the Merfolk Gladiator began the quest for the Orb.
     0 | D:1      | Reached XP level 1. HP: 16/16 MP: 1/1
   103 | D:1      | Reached XP level 2. HP: 20/22 MP: 2/2
   212 | D:1      | Reached skill level 5 in Polearms
   519 | D:2      | Reached XP level 3. HP: 23/27 MP: 3/3
   717 | D:2      | Identified the +2 robe of Ymemuaf {rPois MP+9}
   820 | D:2      | Found a sacrificial altar of Ru.
   821 | D:2      | Noticed Terence
   836 | D:2      | Killed Terence
   837 | D:2      | Reached skill level 6 in Polearms
   837 | D:2      | Reached XP level 4. HP: 14/33 MP: 4/4
  1244 | D:3      | Found a transporter.
  1247 | D:3      | Found a transporter.
  1869 | D:3      | Reached skill level 7 in Polearms
  2070 | D:3      | Reached XP level 5. HP: 38/38 MP: 5/5
  2198 | D:4      | Reached skill level 8 in Polearms
  2327 | D:4      | Reached skill level 9 in Polearms
  2327 | D:4      | Reached XP level 6. HP: 44/44 MP: 6/6
  2721 | D:5      | Entered Level 5 of the Dungeon
  2789 | D:5      | Noticed a black bear
  2796 | D:5      | Killed a black bear
  2848 | D:5      | Reached skill level 10 in Polearms
  2848 | D:5      | Reached XP level 7. HP: 42/51 MP: 7/7
  3118 | D:5      | Found a glowing drain.
  3129 | Sewer    | Entered a sewer
  3163 | Sewer    | Noticed Pargi
  3173 | Sewer    | Killed Pargi
  3232 | D:5      | Identified a scroll of acquirement
  3232 | D:5      | Acquired the +2 pair of gloves of Zuesuc {rC+ rN+ Slay+2}
  3382 | D:6      | Reached skill level 5 in Fighting
  3385 | D:6      | Reached skill level 5 in Dodging
  3534 | D:6      | Reached XP level 8. HP: 62/62 MP: 8/8
  3558 | D:6      | Identified the +1 ring mail of Impatience {rCorr SInv}
  3863 | D:6      | Found a runed translucent gate.
  3863 | D:6      | Found a runed translucent gate.
  3864 | D:6      | Found a runed translucent gate.
  3865 | D:6      | Noticed Age's ghost (novice MiFi)
  3865 | D:6      | Noticed a spectral unseen horror
  3893 | D:6      | Reached skill level 1 in Shields
  4286 | D:7      | Reached skill level 5 in Shields
  4318 | D:7      | Reached XP level 9. HP: 68/68 MP: 9/9
  4344 | D:7      | Reached skill level 11 in Polearms
  4378 | D:7      | Found a staircase to the Ecumenical Temple.
  4395 | Temple   | Entered the Ecumenical Temple
  4426 | Temple   | Became a worshipper of Hepliaklqana the Forgotten
  4489 | D:7      | Found a runed translucent gate.
  4489 | D:7      | Noticed demibob's ghost (novice MiCK)
  4490 | D:7      | Found a runed translucent gate.
  4490 | D:7      | Identified the +1 plate armour of Ublyism {Harm}
  4491 | D:7      | Found a runed translucent gate.
  4636 | D:7      | Reached skill level 12 in Polearms
  4735 | D:7      | Found Ineyj's Assorted Antiques.
  4762 | D:7      | Bought a triangular bronze amulet for 135 gold pieces
  4762 | D:7      | Bought a fizzy emerald potion for 24 gold pieces
  4762 | D:7      | Bought a runed tower shield for 202 gold pieces
  5588 | D:8      | Reached skill level 13 in Polearms
  5951 | D:8      | Reached * piety under Hepliaklqana
  6030 | D:8      | Noticed a two-headed ogre
  6042 | D:8      | Killed a two-headed ogre
  6043 | D:8      | Reached skill level 14 in Polearms
  6300 | D:9      | Noticed a two-headed ogre
  6309 | D:9      | Killed a two-headed ogre
  6310 | D:9      | Reached XP level 10. HP: 66/66 MP: 10/10
  7508 | D:10     | Entered Level 10 of the Dungeon
  7508 | D:10     | Noticed a two-headed ogre
  7518 | D:10     | Killed a two-headed ogre
  7519 | D:10     | Reached skill level 1 in Evocations
  7519 | D:10     | Reached XP level 11. HP: 80/80 MP: 11/11
  7523 | D:10     | Identified the +8 dagger of Malaise {freeze, rCorr Int+3}
  7620 | D:10     | Reached skill level 5 in Evocations
  7655 | D:10     | Found a staircase to the Lair.
  7675 | D:10     | Noticed Maurice
  7685 | D:10     | Something stole 167 gold
  7691 | D:10     | Something stole a ring of ice
  7692 | D:10     | Something stole a +0 trident
  7697 | D:10     | Something stole a +0 buckler
  7698 | D:10     | Killed themself with a badly aimed iceblast

Illustrated notes

Levels and vault maps discovered:
D:1:      mrwooster_arrival_statue_2, layout_rooms
D:2:      layout_rooms, basic_altar, kennysheep_decorative_pillar, uniq_terence
D:3:      gammafunk_wand_slinger, layout_rooms
D:4:      layout_rooms
D:5:      layout_cave_pools, portal_sewer_entry_e
D:6:      layout_loops_ring, gammafunk_ghost_necromancy
D:7:      layout_loops_ring, minmay_temple_entry_glass,
          biasface_ghost_orc_armoury, serial_shops, shop
D:8:      layout_loops_ring
D:9:      layout_irregular_city
D:10:     layout_roguey, amethyst_overflow_temple_binary,
          due_lair_maze_entry_diamond, enter_bailey_5, kennysheep_just_a_vault,
          uniq_fannar, uniq_erica, uniq_maurice
Temple:   mainiacjoe_temple_big_plus

Skill      XL: |  1  2  3  4  5  6  7  8  9 10 11 |
---------------+----------------------------------+-----
Polearms       | 5 6 7 9 10 14 | 14.0
Fighting       | 5 9 |  9.0
Dodging        | 5 7 |  7.0
Shields        | 5 7 9 |  9.0
Evocations     | 1 5 |  5.8
Throwing       | |  2.0

Action                     |  1- 3 |  4- 6 |  7- 9 | 10-12 || total
---------------------------+-------+-------+-------+-------++-------
  Melee: Trident           |    70 |   157 |   294 |   275 ||   796
         Tailslap          |     2 |       |     1 |       ||     3
         Punch             |       |     1 |       |       ||     1
  Throw: Throwing net      |     1 |     2 |     1 |     1 ||     5
         Javelin           |       |     1 |       |       ||     1
  Evoke: Wand              |       |       |     2 |     1 ||     3
    Use: Scroll            |     4 |     5 |     3 |       ||    12
         Potion            |     1 |     1 |       |     1 ||     3
   Stab: Sleeping          |     2 |     3 |     6 |       ||    11
         Held in net/web   |       |       |       |     2 ||     2
         Distracted        |       |       |       |     1 ||     1
 Armour: Leather armour    |    25 |    56 |       |       ||    81
         Skin              |       |     1 |       |       ||     1
         Robe              |       |     8 |    32 |       ||    40
         Troll leather arm |       |       |    80 |    72 ||   152
  Dodge: Dodged            |    27 |    88 |    99 |    33 ||   247
  Block: Buckler           |       |     3 |    22 |       ||    25
         Tower shield      |       |       |    59 |   167 ||   226

Table legend: (Time is in decaauts)
 A = Elapsed time spent in this place.
 B = Non-inter-level travel time spent in this place.
 C = Inter-level travel time spent in this place.
 D = Time resting spent in this place.
 E = Time spent auto-exploring this place.
 F = Levels seen in this place.
 G = Mean time per level.
                   A        B        C        D        E       F      G
               +--------+--------+--------+--------+--------+-----+--------+
         Total |   7624 |   6962 |    662 |   1023 |   4495 |  12 |  635.3 |
       Dungeon |   7465 |   6864 |    601 |   1023 |   4455 |  10 |  746.5 |
        Temple |     61 |      1 |     60 |      0 |      0 |   1 |   61.0 |
         Sewer |     97 |     97 |      0 |      0 |     40 |   1 |   97.0 |
               +--------+--------+--------+--------+--------+-----+--------+

Top non-repeatable levels by time:
     D:9: 1207 daAuts
     D:3: 991 daAuts
     D:6: 926 daAuts
     D:8: 859 daAuts
     D:7: 785 daAuts
     D:2: 731 daAuts
     D:4: 700 daAuts
     D:5: 580 daAuts
     D:1: 515 daAuts
    D:10: 167 daAuts
   Sewer: 97 daAuts
  Temple: 61 daAuts
